Workbook

Sheet таблица 2
D1: Таблица 2 к пояснительной записке
A3: Корректировка расходов бюджета к проекту решения Думы города Урай "О внесении изменений в бюджет городского округа Урай Ханты-Мансийского автономного округа – Югры на 2025 год и на плановый период 2026 и 2027 годов" (переходящие БО 2024 года)
D5: (тыс.рублей)
A6: № п/п | B6: Сумма корректировки на 2025 год | C6: На какие цели | D6: ГРБС
D7: Администрация города Урай
A8: 1 | B8: 2 | C8: 3 | D8: 4
A9: 1. | B9: =B10+B12 -> 39233.8 | C9: За счет средств в рамках Соглашения о сотрудничестве между Правительством Ханты-Мансийского автономного округа –Югры и ПАО "Нефтяная компания "ЛУКОЙЛ" остатки 2023-2024 годов | D9: =D10+D12 -> 39233.8
A10: 1.1. | B10: =B11 -> 33065.6 | C10: Муниципальная программа "Развитие образования и молодежной политики в городе Урай" | D10: =D11 -> 33065.6
A11: 1.1.1. | B11: =D11 -> 33065.6 | C11: Строительство школы в мкр.1А | D11: 33065.6
A12: 1.2. | B12: =B13+B14 -> 6168.2 | C12: Муниципальная программа "Формирование комфортной городской среды города Урай" | D12: =D13+D14 -> 6168.2
A13: 1.2.1. | B13: =D13 -> 365.3 | C13: Выполнение работ по установке гранитного бордюра (остатки 2023 года) | D13: 365.3
A14: 1.2.2. | B14: =D14 -> 5802.9 | C14: Выполнение работ по комплексному благоустройству территории "Историко-мемориальный комплекс" (1 этап) | D14: =5802.9 -> 5802.9
A15: 2. | B15: =B16+B21+B23+B25+B27+B31+B36+B40+B45 -> 81392.6 | C15: Местный бюджет | D15: =D16+D21+D23+D25+D27+D31+D36+D40+D45 -> 81392.6
A16: 2.1. | B16: =SUM(B17:B20) -> 13035 | C16: Муниципальная программа "Развитие образования и молодежной политики в городе Урай" | D16: =SUM(D17:D20) -> 13035
A17: 2.1.1. | B17: =D17 -> 2475.8 | C17: Строительство школы в мкр.1А (доля софинансирования местного бюджета) | D17: =2475.8 -> 2475.8
A18: 2.1.2. | B18: =D18 -> 1748.9 | C18: Выполнение ПИРов по объекту "Капитальный ремонт МБДОУ "Детский сад №19 "Радость", корректировка проектной документации и сопровожд.экспертизы достоверной сметной стоимости по объекту "Капитальный ремонт МБДОУ Детский сад №12" | D18: =1149.9+599 -> 1748.9
A19: 2.1.3. | B19: =D19 -> 1267.9 | C19: Выполнение инженерных изысканий, подготовка ПСД объект "Капитальный ремонт МБОУ "Гимназия им. А.И. Яковлева" | D19: 1267.9
A20: 2.1.4. | B20: =D20 -> 7542.4 | C20: Выполнение работ по инженерным изысканиям МБОУ СОШ №12 | D20: 7542.4
A21: 2.2. | B21: =SUM(B22:B22) -> 1095.8 | C21: Муниципальная программа "Культура города Урай" | D21: =SUM(D22:D22) -> 1095.8
A22: 2.2.1. | B22: =D22 -> 1095.8 | C22: Выполнение проектных работ по объектам "Капитальный ремонт фасада МБУ ДО ДШИ (по адресу: мкр 2,д.86), "Капитальный ремонт кровли МБУ ДО ДШИ (по адресу: мкр 3,д.55а) | D22: =573.8+522 -> 1095.8
A23: 2.3. | B23: =SUM(B24:B24) -> 103.1 | C23: Муниципальная программа "Защита населения и территории от чрезвычайных ситуаций, совершенствование гражданской обороны и обеспечение первичных мер пожарной безопасности» на 2019-2030 годы | D23: =SUM(D24:D24) -> 103.1
A24: 2.3.1. | B24: =D24 -> 103.1 | C24: Оказание услуг по активации сертификата поддержки на ПО VipNet | D24: 103.1
A25: 2.4. | B25: =SUM(B26:B26) -> 198.9 | C25: Муниципальная программа "Охрана окружающей среды в границах города Урай" | D25: =SUM(D26:D26) -> 198.9
A26: 2.4.1. | B26: =D26 -> 198.9 | C26: Выполнение услуг по ликвидации мест несанкционированного размещения отходов на территории города Урай | D26: =198.9 -> 198.9
A27: 2.5. | B27: =SUM(B28:B30) -> 9342.2 | C27: Муниципальная программа "Развитие транспортной системы города Урай" | D27: =SUM(D28:D30) -> 9342.2
A28: 2.5.1. | B28: =D28 -> 6480.1 | C28: Выполнение корректировки ПСД реконструкции объект "Объездная автомобильная дорога г.Урай" | D28: 6480.1
A29: 2.5.2. | B29: =D29 -> 960.7 | C29: Выполнение работ по тех.присоединению объект "Наружное освещение объекта "Объездная автомобильная дорога в г.Урай" | D29: 960.7
A30: 2.5.3. | B30: =D30 -> 1901.4 | C30: За фактически оказанные услуги по осуществлению пассажирских перевозок за декабрь 2024 года по городским автобусным маршрутам | D30: 1901.4
A31: 2.6. | B31: =SUM(B32:B35) -> 5116.1 | C31: Муниципальная программа "Формирование комфортной городской среды города Урай" | D31: =SUM(D32:D35) -> 5116.1
A32: 2.6.1. | B32: =D32 -> 4394.3 | C32: Выполнение работ по изготовлению и установке мемориала памяти на объект "Благоустройство зоны захоронения с установкой мемориала памяти на кладбище №4" | D32: =4394.3 -> 4394.3
A33: 2.6.2. | B33: =D33 -> 9.4 | C33: Выполнение работ по тех.присоединению к электросетям объект "Комплексное благоустройство территории "Историко-мемориальный комплекс" (1 этап) | D33: 9.4
A34: 2.6.3. | B34: =D34 -> 112.4 | C34: Выполнение инженерно-геодезических изысканий, выполнение тех.присоединения к эл.сетям объект "Пешеходная зона в микрорайоне 1А" | D34: 112.4
A35: 2.6.4. | B35: =D35 -> 600 | C35: Содержание новогоднего ледового городка (декабрь-февраль 2025 года) | D35: =600 -> 600
A36: 2.7. | B36: =SUM(B37:B39) -> 212.1 | C36: Муниципальная программа "Обеспечение градостроительной деятельности на территории города Урай" | D36: =SUM(D37:D39) -> 212.1
A37: 2.7.1. | B37: =D37 -> 75.4 | C37: Изготовление тех.плана объектов "Инженерные сети тепло и водоснабжения к дому №39 мкр.1А", выполнение работ по техприсоединению к эл.сетям объект "Устройство сетей наружного освещения по ул.9 Мая и Хвойная" | D37: =30+45.4 -> 75.4
A38: 2.7.2. | B38: =D38 -> 47.2 | C38: Выполнение кадастровых работ | D38: 47.2
A39: 2.7.3. | B39: =D39 -> 89.5 | C39: Оказание услуг по предоставлению права использования программного обеспечения | D39: 89.5
A40: 2.8. | B40: =SUM(B41:B44) -> 3778 | C40: Муниципальная программа «Совершенствование и развитие муниципального управления в городе Урай» | D40: =SUM(D41:D44) -> 3778
A41: 2.8.1. | B41: =D41 -> 269 | C41: Выполнение работ по разработке ПСД объект "Капитальный ремонт кровли нежилого помещения -часть административно-бытового корпуса,расположенного по адресу г.Урай ул.Береговая, д10" | D41: 269
A42: 2.8.2. | B42: =D42 -> 3262.3 | C42: Выполнение работ по ремонту крыши в административном здании по адресу мкр.2 д.59 | D42: 3262.3
A43: 2.8.3. | B43: =D43 -> 106 | C43: Выполнение кадастровых работ | D43: 106
A44: 2.8.4. | B44: =D44 -> 140.7 | C44: Содержание муниципального имущества в период простоя | D44: 140.7
A45: 2.9. | B45: =SUM(B46:B56) -> 48511.4 | C45: Муниципальная программа "Развитие жилищно-коммунального комплекса и повышение энергетической эффективности в городе Урай" | D45: =SUM(D46:D56) -> 48511.4
A46: 2.9.1. | B46: =D46 -> 598.5 | C46: Выполнение работ по проектированию объекта "Реконструкция водоочистных сооружений г.Урай" | D46: 598.5
A47: 2.9.2. | B47: =D47 -> 34900 | C47: Выполнение инженерных изысканий, подготовка проектной и рабочей документации по объекту "Реконструкция канализационных очистных сооружений в г.Урай" | D47: 34900
A48: 2.9.3. | B48: =D48 -> 633.1 | C48: Выполнение работ по устройству сетей наружного освещения объект "Устройство освещения в мкр.Юго-Восточный", выполнение работ по тех.присоединению к эл.сетям объект "Устройство освещения в мкр.Юго-Восточный" | D48: =624.3+8.8 -> 633.1
A49: 2.9.4. | B49: =D49 -> 6239.6 | C49: Оказание услуг, направленных на энергосбережение и повышение энергетической эффективности при эксплуатации объектов уличного (наружного) освещения на территории г.Урай | D49: 6239.6
A50: 2.9.5. | B50: =D50 -> 2844.4 | C50: Оказание услуг по техническому обслуживанию сетей уличного освещения | D50: =179.2+2665.2 -> 2844.4
A51: 2.9.6. | B51: =D51 -> 1241.2 | C51: Выполнение работ по ремонту внутриквартального проезда Лесной д.75 | D51: 1241.2
A52: 2.9.7. | B52: =D52 -> 264.7 | C52: Монтаж и изготовление схем на территории кладбищ | D52: 264.7
A53: 2.9.8. | B53: =D53 -> 150 | C53: Выполнение работ по ремонту светодиодной подсветки объекта "Сердце" в районе здания ДС "Звезды Югры" | D53: 150
A54: 2.9.9. | B54: =D54 -> 237.9 | C54: Выполнение работ по реставрации Арт-объекта "Сердце" | D54: 237.9
A55: 2.9.10. | B55: =D55 -> 597.2 | C55: Выполнение работ по замене дорожных знаков на территории города Урай | D55: 597.2
A56: 2.9.11. | B56: =D56 -> 804.8 | C56: Ремонт светофорного объекта на пересечении ул.Ивана Шестакова, ул.Узбекистанская , ул.Космонавтов | D56: 804.8
B57: =B9+B15 -> 120626.4 | C57: Итого расходов | D57: =D9+D15 -> 120626.4

Sheet таблица 3
D1: Таблица 3 к пояснительной записке
A2: Корректировка расходов бюджета к проекту решения Думы города Урай "О внесении изменений в бюджет городского округа Урай Ханты-Мансийского автономного округа – Югры на 2025 год и на плановый период 2026 и 2027 годов"
F3: (тыс.рублей)
A4: № п/п | B4: Сумма корректировки на 2025 год | C4: На какие цели | D4: ГРБС
D5: Администрация города Урай | E5: Комитет по финансам администрации города Урай | F5: Управление образования администрации города Урай
A6: 1 | B6: 2 | C6: 3 | D6: 4 | E6: 5 | F6: 6
A7: 1. | B7: =B8+B10+B12+B14 -> 1940 | C7: Иные межбюджетные трансферты | D7: =D8+D10+D12+D14 -> 1392 | E7: =E8+E10+E12+E14 -> 0 | F7: =F8+F10+F12+F14 -> 548
A8: 1.1. | B8: =B9 -> 698 | C8: Муниципальная программа "Развитие образования и молодежной политики в городе Урай" | D8: =D9 -> 150 | E8: =E9 -> 0 | F8: =F9 -> 548
A9: 1.1.1. | B9: =D9+E9+F9 -> 698 | C9: Реализация наказов избирателей депутатам Думы ХМАО - Югры - 1 квартал 2025 года (МБОУ СОШ №5 - оказание финансовой помощи на организацию и проведение спортивно-патриотического мероприятия "Гонка мужества памяти выпускника кадетского корпуса И.А.Свиридова", МБУ ДО "Центр дополнительного образования"- оказание финансовой помощи на приобретение мебели, оргтехники, оформление интерьера, МАУ молодежной политики города Урай "Центр молодежных и гражданских инициатив" - оказание финансовой помощи на приобретение экипировки для отделения Всероссийского общественного движения "Волонтеры Победы") | D9: 150 | E9: 0 | F9: =220+328 -> 548
A10: 1.2. | B10: =B11 -> 870 | C10: Муниципальная программа "Развитие физической культуры, спорта и туризма в городе Урай и укрепление здоровья граждан города Урай" | D10: =D11 -> 870 | E10: =E11 -> 0 | F10: =F11 -> 0
A11: 1.2.1. | B11: =D11+E11+F11 -> 870 | C11: Реализация наказов избирателей депутатам Думы ХМАО - Югры - 1 квартал 2025 года (МАУ ДО"СШ "Старт" - оказание финансовой помощи на проведение XVI открытого межрегионального турнира по боксу, посвященного Дню Победы в ВОВ 1941-1945гг, приобретение спортивных костюмов для отделения бокса, спортивного инвентаря для секции пауэрлифтинга, компьютерной техники и комплектующих к ней, приобретение спортивной формы) | D11: =770+100 -> 870 | E11: 0 | F11: 0
A12: 1.3. | B12: =B13 -> 282 | C12: Муниципальная программа "Культура города Урай" | D12: =D13 -> 282 | E12: =E13 -> 0 | F12: =F13 -> 0
A13: 1.3.1. | B13: =D13+E13+F13 -> 282 | C13: Реализация наказов избирателей депутатам Думы ХМАО - Югры - 1 квартал 2025 года (МАУ "Культура" оказание финансовой помощи на организацию и проведение фестивалей и конкурсов в КДЦ "Нефтяник", проведение открытого городского фестиваля-конкурса детского и юношеского творчества "Моя Россия" в КЦК "Юность Шаима") | D13: 282 | E13: 0 | F13: 0
A14: 1.4. | B14: =B15 -> 90 | C14: Непрограммные направления деятельности | D14: =D15 -> 90 | E14: =E15 -> 0 | F14: =F15 -> 0
A15: 1.4.1. | B15: =D15+E15+F15 -> 90 | C15: Поощрение мобилизационных групп городского округа Урай | D15: 90 | E15: 0 | F15: 0
A16: 2. | B16: =B17+B19+B21+B23+B25 -> 137958 | C16: За счет средств в рамках Соглашения о сотрудничестве между Правительством Ханты-Мансийского автономного округа –Югры и ПАО "Нефтяная компания "ЛУКОЙЛ" | D16: =D17+D19+D21+D23+D25 -> 137958 | E16: =E17+E23 -> 0 | F16: =F17+F23 -> 0
A17: 2.1. | B17: =B18 -> 8000 | C17: Муниципальная программа "Развитие образования и молодежной политики в городе Урай" | D17: =D18 -> 8000 | E17: =E18 -> 0 | F17: =F18 -> 0
A18: 2.1.1. | B18: =D18+F18 -> 8000 | C18: Благоустройство и ремонт инженерных сетей на объектах образования | D18: 8000
A19: 2.2. | B19: =B20 -> 34745 | C19: Муниципальная программа "Культура города Урай" | D19: =D20 -> 34745 | E19: =E20 -> 0 | F19: =F20 -> 0
A20: 2.2.1. | B20: =D20+E20+F20 -> 34745 | C20: Приобретение звукового оборудования, светотехнического оборудования, переносного экрана для проведения уличных, массовых мероприятий | D20: 34745 | E20: 0 | F20: 0
A21: 2.3. | B21: =B22 -> 17653 | C21: Муниципальная программа «Развитие транспортной системы города Урай» | D21: =D22 -> 17653 | E21: =E22 -> 0 | F21: =F22 -> 0
A22: 2.3.1. | B22: =D22+E22+F22 -> 17653 | C22: Выполнение работ по ремонту дороги по ул. 40 лет Победы (виды выполняемых работ: фрезерование верхнего слоя асфальтобетонного покрытия - 2810 м2.; замена бортового камня - 800 пог.м.; укладка верхнего слоя асфальтобетонного покрытии - 2810 м2.; замена дорожных знаков - 17 шт.; нанесение дорожной разметки) | D22: 17653 | E22: 0 | F22: 0
A23: 2.4. | B23: =B24 -> 75000 | C23: Муниципальная программа "Формирование комфортной городской среды города Урай" | D23: =D24 -> 75000 | E23: =E24 -> 0 | F23: =F24 -> 0
A24: 2.4.1. | B24: =D24+F24 -> 75000 | C24: Выполнение работ по комплексному благоустройству территории "Историко-мемориальный комплекс" (выполнение работ по II этапу "Аллея мира" | D24: =75000 -> 75000 | E24: 0 | F24: 0
A25: 2.5. | B25: =B26 -> 2560 | C25: Муниципальная программа "Развитие жилищно-коммунального комплекса и повышение энергетической эффективности в городе Урай" | D25: =D26 -> 2560 | E25: =E26 -> 0 | F25: =F26 -> 0
A26: 2.5.1. | B26: =D26+F26 -> 2560 | C26: Выполнение работ по реставрации памятника "Первооткрывателю"(замена гранитного камня пьедестала, очистка и покраска фигуры памятника, устройство ограждения гранитного основания памятника) | D26: 2560 | E26: 0 | F26: 0
A27: 3. | B27: =B28+B39+B43+B52+B55+B57+B59+B65+B71+B76+B82+B88+B96+B113+B115+B117 -> 342577 | C27: Местный бюджет | D27: =D28 +D39+D43+D52+D55+D57+D59+D65+D71+D76+D82+D88+D96+D113+D115+D117 -> 327349.5 | E27: =E28 +E39+E43+E52+E55+E57+E59+E65+E71+E76+E82+E88+E96+E113+E115+E117 -> -450 | F27: =F28 +F39+F43+F52+F55+F57+F59+F65+F71+F76+F82+F88+F96+F113+F115+F117 -> 15677.5
A28: 3.1. | B28: =SUM(B29:B38) -> 50834.1 | C28: Муниципальная программа "Развитие образования и молодежной политики в городе Урай" | D28: =SUM(D29:D38) -> 36032.6 | E28: =SUM(E29:E38) -> 0 | F28: =SUM(F29:F38) -> 14801.5
A29: 3.1.1. | B29: =D29+E29+F29 -> 2730 | C29: Предоставление доп.меры семьям участникам СВО (выплата обучающимся по очной форме обучения в возрасте до 23 лет на проезд с 01.03.2025 до 31.12.2025) | D29: 0 | E29: 0 | F29: 2730
A30: 3.1.2. | B30: =D30+E30+F30 -> 345.6 | C30: Заключение договора фрахтования транспортных услуг (организация выездов групп детей на день открытых дверей в ВУЗы в пределах ХМАО-Югры) | F30: 345.6
A31: 3.1.3. | B31: =D31+E31+F31 -> 30018.4 | C31: Выполнение работ по охранно-пожарной сигнализации "МБОУ "Гимназия им А.И.Яковлева" после подтверждения достоверности сметной стоимости | D31: 30018.4
A32: 3.1.4. | B32: =D32+E32+F32 -> 11538.7 | C32: Подготовка образовательных организаций к новому учебному 2025 - 2026 году: предлагается распределить на школы - 6 003,7 тыс.руб. (огнезащитная обработка Гимназия, замеры сопротивления изоляции -Гимназия, №4,№12; монтаж СКУД на калитку -№4,№6; ремонт ограждения кровли -№4, окраска ограждения- №5,расчет пожарных рисков -№6,№12), на д/сады-3 771,0 тыс.руб.(ремонт уличного игрового оборудования -№10, разработка ПСД на замену пожарной сигнализации -№10, замена деревянных оконных блоков- №21, расчеты пожарных рисков -№12), на ЦДО - 1 764,0 тыс.рублей на разработку ПСД на замену пожарной сигнализации | D32: 2819 | F32: 8719.7
A33: 3.1.5. | B33: =D33+E33+F33 -> 2826.6 | C33: Подготовка и проведение праздничных мероприятий, посвященных 80-летию Победы (приобретение парадной формы кадетов, юнармейская форма, форма пограничных войск) | F33: 2826.6
A34: 3.1.6. | B34: =D34+E34+F34 -> 179.6 | C34: Реализация проекта "Предпринимательский класс" (обучение школьников 8-11 классов предпринимательству) | F34: 179.6
A35: 3.1.7. | B35: =D35+E35+F35 -> 2043.7 | C35: Текущие расходы на обеспечение деятельности МАУ МП "ЦМиГИ" (з/плата 0,5 ст.на период летнего трудоустройства молодежи, содержание помещения (коммунальные услуги) по адресу г.Урай, мкр.2, дом 91, льготный проезд, приобретение оборудования, мебели для ДоброЦентра, экипировка для волонтеров) | D35: 2043.7
A36: 3.1.8. | B36: =D36+E36+F36 -> 394.1 | C36: Проведение муниципального этапа регионального Фестиваля работающей молодежи (поручение Губернатора ХМАО-Югры начиная с 2025 года) | D36: 394.1
A37: 3.1.9. | B37: =D37+E37+F37 -> 540 | C37: Выполнение работ по корректировке проектной документации по ремонту стадиона МБОУ СОШ №6 (средства перераспределены с МП "Обеспечение градостроительной деятельности на территории города Урай" за счет экономии) | D37: 540
A38: 3.1.10. | B38: =D38+E38+F38 -> 217.4 | C38: Выполнение работ по проведению гос.экспертизы сметной стоимости кап.ремонта МБОУ Детский сад №12 (перераспределены средства с МП "Обеспечение градостроительной деятельности на территории города Урай" за счет экономии) | D38: 217.4
A39: 3.2. | B39: =SUM(B40:B42) -> 10479.2 | C39: Муниципальная программа "Развитие физической культуры, спорта и туризма в городе Урай и укрепление здоровья граждан города Урай" | D39: =SUM(D40:D42) -> 10479.2 | E39: =SUM(E40:E42) -> 0 | F39: =SUM(F40:F42) -> 0
A40: 3.2.1. | B40: =D40+E40+F40 -> 3492.7 | C40: Заключение договора фрахтования транспортных услуг (перевозка спортсменов для участия в спортивных и физкультурных мероприятиях в пределах ХМАО) | D40: =2563.3+929.4 -> 3492.7
A41: 3.2.2. | B41: =D41+E41+F41 -> 1782.9 | C41: Проведение спортивных мероприятий, посвященных юбилейным датам (80-летию Победы в ВОВ, 60-летие со дня образования города Урай и 65-летие Шаимской нефти) | D41: 1782.9
A42: 3.2.3. | B42: =D42+E42+F42 -> 5203.6 | C42: Создание Аллеи спортивной славы", доски почета, приобретение уличного монитора | D42: 5203.6
A43: 3.3. | B43: =SUM(B44:B51) -> 51149.8 | C43: Муниципальная программа "Культура города Урай" | D43: =SUM(D44:D51) -> 51149.8 | E43: =SUM(E44:E50) -> 0 | F43: =SUM(F44:F50) -> 0
A44: 3.3.1. | B44: =D44+F44 -> 24952.4 | C44: Организация и проведение общегородских праздничных мероприятий, посвященных 80-летию Победы в ВОВ, 60-летие со дня образования города Урай и 65-летие Шаимской нефти | D44: 24952.4
A45: 3.3.2. | B45: =D45+F45 -> 423.6 | C45: Выполнение работ по монтажу, наладке и поставке системы речевого оповещения о чрезвычайной ситуации по адресу:г.Урай, микрорайон 1Г, дом 18Г , КИЦ в целях обеспечения антитеррористической защищенности объектов | D45: =103.6+320 -> 423.6
A46: 3.3.3. | B46: =D46+F46 -> 239.4 | C46: Выполнение работ по монтажу, наладке и поставке системы речевого оповещения о чрезвычайной ситуации в МБУ ДО "ДШИ" по адресу: мкр.3,д.55А | D46: 239.4
A47: 3.3.4. | B47: =D47+E47+F47 -> 413 | C47: Приобретение программного обеспечения (неисключительных прав на ПО) Астра Линукс (защита перс.данных) | D47: 413
A48: 3.3.5. | B48: =D48+F48 -> 692.4 | C48: Приобретение программного обеспечения для защиты от внешних угроз (Программно-аппаратный комплекс) | D48: 692.4
A49: 3.3.6. | B49: =D49+F49 -> 628.6 | C49: Заключение договора фрахтования транспортных услуг (выезды клубных формирований в пределах ХМАО МАУ "Культура", МБУ ДО "ДШИ") | D49: =435.4+193.2 -> 628.6
A50: 3.3.7. | B50: =D50+F50 -> 113.3 | C50: Выполнение аудита технологического оборудования сцены и конструкций МБУ ДО "ДШИ" на соответствие правилам охраны труда, пожарной безопасности и правилам устройства эл.установок (по адресу: микрорайон 3, дом 55а) | D50: 113.3
A51: 3.3.8. | B51: =D51+F51 -> 23687.1 | C51: Выполнение пректных и инженерно изыскательских работ объект "Центр искусств" | D51: 23687.1
A52: 3.4. | B52: =SUM(B53:B54) -> 39876.3 | C52: Муниципальная программа "Улучшение жилищных условий жителей, проживающих на территории муниципального образования город Урай" | D52: =SUM(D53:D54) -> 39876.3 | E52: =E53 -> 0 | F52: =F53 -> 0
A53: 3.4.1. | B53: =D53+F53 -> 52938.9 | C53: Для обеспечения доли софинансирования местного бюджета на дополнительную потребность по приобретению жилья и осуществление выплат гражданам, в чьей собственности находятся жилые помещения, входящие в аварийный жилищный фонд, за счет средств бюджета МО | D53: =52938.6+0.3 -> 52938.9
A54: 3.4.2. | B54: =D54+F54 -> -13062.6 | C54: Перераспределение средств в рамках заключенного Соглашения по предоставлению единой субсидии на МП "Развитие жилищно-коммунального комплекса и повышение энергетической эффективности в городе Урай" снос жилья | D54: =-653.1-12409.5 -> -13062.6
A55: 3.5. | B55: =SUM(B56:B56) -> 4965.8 | C55: Муниципальная программа "Защита населения и территории от чрезвычайных ситуаций, совершенствование гражданской обороны и обеспечение первичных мер пожарной безопасности" | D55: =SUM(D56:D56) -> 4965.8 | E55: =SUM(E56:E56) -> 0 | F55: =SUM(F56:F56) -> 0
A56: 3.5.1. | B56: =D56+E56+F56 -> 4965.8 | C56: Приобретение аварийно-спасательного автомобиля, ддоборудование автомобиля специальным оборудованием (бензиновый генератор (6 кВт), авторезина зимняя, диски автомобильные штампованные, автосигнализация с установкой,фаркоп) | D56: 4965.8
A57: 3.6. | B57: =SUM(B58:B58) -> 7776.3 | C57: Муниципальная программа "Охрана окружающей среды в границах города Урай" | D57: =SUM(D58:D58) -> 7776.3 | E57: =SUM(E58:E58) -> 0 | F57: =SUM(F58:F58) -> 0
A58: 3.6.1. | B58: =D58+E58+F58 -> 7776.3 | C58: Ликвидация мест несанкционированного размещения отходов на территории города Урай | D58: =7776.3 -> 7776.3
A59: 3.7. | B59: =SUM(B60:B64) -> 6297.1 | C59: Муниципальная программа "Развитие транспортной системы города Урай" | D59: =SUM(D60:D64) -> 6297.1 | E59: =SUM(E60:E62) -> 0 | F59: =SUM(F60:F62) -> 0
A60: 3.7.1. | B60: =D60+E60+F60 -> 5059 | C60: Субсидирование городских маршрутов №2,7,11 (период с 01.04.2025-31.12.2025), сезонные маршруты №5,6,8,9 (период с 01.05.2025 - по 30.09.2025) | D60: 5059
A61: 3.7.2. | B61: =D61+E61+F61 -> 599 | C61: Проведение инструментальной диагностики состояния автомобильных дорог с твердым покрытием и экспертная оценка состояния автомобильных дорог с грунтовым покрытием (обследование дорожно-уличной сети, обязательное наличие для включения в гос.программу) | D61: 599
A62: 3.7.3. | B62: =D62+E62+F62 -> 599 | C62: Актуализация Программы комплексного развития транспортной инфраструктуры МО г.Урай на 2018-2032 годы в соответствии с действующим ген.планом города Урай | D62: 599
A63: 3.7.4. | B63: =D63+E63+F63 -> 0.1 | C63: Доля софинансирования местного бюджета по ремонту дорог местного значения | D63: 0.1
A64: 3.7.5. | B64: =D64+E64+F64 -> 40 | C64: Оказание услуг по экспертизе достоверной сметной документации на выполнение работ по ремонту автомобильных дорог по ул.Шаимская, ул.Ивана Шестакова на КЛПХ "Леспромхоз"(средства перераспределены с МП "Развитие жилищно-коммунального комплекса и повышение энергетической эффективности в городе Урай") | D64: 40
A65: 3.8. | B65: =SUM(B66:B70) -> 5884.9 | C65: Муниципальная программа "Профилактика правонарушений на территории города Урай" | D65: =SUM(D66:D70) -> 5884.9 | E65: =SUM(E69:E70) -> 0 | F65: =SUM(F69:F70) -> 0
A66: 3.8.1. | B66: =D66+E66+F66 -> 550 | C66: Развитие системы видеонаблюдения "Безопасный город" (установка 5 дополнительных камер видеонаблюдения с функцией распознавания. Прилегающая территория ул. Толстого дом 14 ТЦ "Детский мир"; перекрёсток ул.Ленина-40 лет Победы; пересечение улиц Южная-Шаимская. Увеличение на 4 камеры на контейнерные площадки) | D66: 550
A67: 3.8.2. | B67: =D67+E67+F67 -> 420 | C67: Сервис по передаче видеоизображений с существующих видеокамер Заказчика в региональную систему видеонаблюдения Ханты-Мансийского автономного округа – Югры | D67: 420
A68: 3.8.3. | B68: =D68+E68+F68 -> 149 | C68: Обслуживание системы видеонаблюдения "Безопасный город" в связи с ростом тарифа | D68: 149
A69: 3.8.4. | B69: =D69+E69+F69 -> 1626.5 | C69: Система нейросетевой аналитики камер видеонаблюдения (модуль ТКО) | D69: 1626.5
A70: 3.8.5. | B70: =D70+E70+F70 -> 3139.4 | C70: Выкуп недвижимого имущества под опорный пункт полиции адрес мкр.1Д, д.6, кв.1001 | D70: 3139.4
A71: 3.9. | B71: =SUM(B72:B75) -> 1051.6 | C71: Муниципальная программа "Информационное общество – Урай" | D71: =SUM(D72:D75) -> 1051.6 | E71: =E75 -> 0 | F71: =F75 -> 0
A72: 3.9.1. | B72: =D72+E72+F72 -> 908.4 | C72: Техническая поддержка средств защиты информации с заменой оборудования (окончание договора на тех.поддержку июнь 2025 г.) | D72: 908.4
A73: 3.9.2. | B73: =D73+E73+F73 -> 70.8 | C73: Публикация 2-х специальных выпусков городской общественно-политической газеты "Знамя"(в рамках подготовки и проведения социально-значимыми юбилейными мероприятиями, посвященными 80-летию Победы в ВОВ, 60-летие со дня образования города Урай и 65-летие Шаимской нефти) | D73: 70.8
A74: 3.9.3. | B74: =D74+E74+F74 -> 37.5 | C74: Проведение специальной оценки труда рабочих мест, оценка профессиональных рисков сотрудников газеты "Знамя" | D74: 37.5
A75: 3.9.4. | B75: =D75+E75+F75 -> 34.9 | C75: Ремонт и ТО камер внешней системы видеонаблюдения газеты "Знамя" | D75: 34.9
A76: 3.10. | B76: =SUM(B77:B81) -> 21731.9 | C76: Муниципальная программа "Формирование комфортной городской среды города Урай" | D76: =SUM(D77:D81) -> 21731.9 | E76: =SUM(E77:E81) -> 0 | F76: =SUM(F77:F81) -> 0
A77: 3.10.1. | B77: =D77+E77+F77 -> 5628.6 | C77: Обустройство ледового городка, демонтаж новогодней иллюминации и снежных городков | D77: =4794.1+834.5 -> 5628.6
A78: 3.10.2. | B78: =D78+E78+F78 -> 612.6 | C78: Ремонт и монтаж новогодней иллюминации | D78: 612.6
A79: 3.10.3. | B79: =D79+E79+F79 -> 3320.8 | C79: Доля софинансирования местного бюджета на выполнение работ по благоустройству объекта "Пешеходная зона в микрорайоне 1А" | D79: 3320.8
A80: 3.10.4. | B80: =D80+E80+F80 -> 2266.7 | C80: Разработка материалов и подготовка конкурсной заявки для участия во Всероссийском конкурсе лучших проектов создания комфортной городской среды в малых городах и исторических поселениях | D80: 2266.7
A81: 3.10.5. | B81: =D81+E81+F81 -> 9903.2 | C81: Благоустройство территории вокруг Мемориала Памяти воинам погибшим на СВО | D81: 9903.2
A82: 3.11. | B82: =SUM(B83:B87) -> 27579.1 | C82: Муниципальная программа "Обеспечение градостроительной деятельности на территории города Урай" | D82: =SUM(D83:D87) -> 27579.1 | E82: =SUM(E83:E85) -> 0 | F82: =SUM(F83:F85) -> 0
A83: 3.11.1. | B83: =D83+E83+F83 -> 500.4 | C83: Текущее содержание МКУ "УГЗиП" приобретение компьютерной техники (системные блоки в кол-ве 3 шт., принтер -1 шт., монитор- 2 шт., сервер -1 шт. | D83: 500.4
A84: 3.11.2. | B84: =D84+E84+F84 -> 98.9 | C84: Текущее содержание МКУ "УКС" приобретение компьютерной техники МФУ-1 шт., системный блок - 1 шт., клавиатура - 2 шт., колонки - 5 шт., калькулятор - 2 шт., сетевые фильтры - 4 шт. | D84: 98.9
A85: 3.11.3. | B85: =D85+F85 -> 27229 | C85: Устройство проездов мкр.Солнечный, 2,3 этапы в щебеночном исполнении при выдаче земельных участков льготным категориям граждан. | D85: 27229
A86: 3.11.4. | B86: =D86+F86 -> 508.2 | C86: Разработка ПСД на устройство сетей горячего водоснабжения к ж/д по ул.Ленина 96 (обращение граждан) | D86: 508.2
A87: 3.11.5. | B87: =D87+F87 -> -757.4 | C87: Перераспределение экономии средств по устройству сетей водоснабжения на объекте: «Инженерные сети и проезды микрорайона Солнечный» на МП "Развитие образования и молодежной политики в городе Урай" | D87: =-540-217.4 -> -757.4
A88: 3.12. | B88: =SUM(B89:B95) -> 17356 | C88: Муниципальная программа «Совершенствование и развитие муниципального управления в городе Урай» | D88: =SUM(D89:D95) -> 17356 | E88: =SUM(E89:E94) -> 0 | F88: =SUM(F89:F94) -> 0
A89: 3.12.1. | B89: =D89+F89 -> -2563.3 | C89: Перераспределение средств на МП "Развитие физической культуры, спорта и туризма в городе Урай и укрепление здоровья граждан города Урай" в связи с изменением механизма финансирования организации перевозок детей (перераспределение средств с МКУ "УМТО" на МАУ ДО СШ "Старт") | D89: -2563.3
A90: 3.12.2. | B90: =D90+F90 -> 10787.7 | C90: Обновление автопарка МКУ "УМТО" (Лада Нива Тревел приобретаются взамен Нивы Шеврале К936ХО86, Лада Веста GFL14 взамен Тойоты Короллы Н628АН186, автобус ГАЗель Next А65R22 «Турист» (1+13 мест) взамен Форд Транзита У041АН186, прицеп для автомобилей новый необходим для перевозки оборудования используемого на городских мероприятиях, перевозка ограждений, мобильный гусеничный подъемник -2шт. | D90: =10035.4+752.3 -> 10787.7
A91: 3.12.3. | B91: =D91+F91 -> 4596.8 | C91: Приобретение оборудования ИКТ, запасных частей к компьютерной техники, мебели, ремонт кабинетов в здании администрации | D91: =3560.5+938.7+97.6 -> 4596.8
A92: 3.12.4. | B92: =D92+F92 -> 1774 | C92: Организация и проведение мероприятий, посвященных 60-летию города Урай | D92: 1774
A93: 3.12.5. | B93: =D93+F93 -> 994.4 | C93: Проведение довыборов депутатов Думы города Урай | D93: 994.4
A94: 3.12.6. | B94: =D94+F94 -> 117.6 | C94: Оказание услуг по размещению (актуализации) информации о размере платы (платы за наем) по договорам социального и коммерческого найма в государственной информационной системе жилищно-коммунального хозяйства (ГИС ЖКХ) | D94: 117.6
A95: 3.12.7. | B95: =D95+F95 -> 1648.8 | C95: Текущее содержание МКУ "ЦБУ" (з/плата с начислениями, льготный проезд, сан.кур лечение, приобретение МФУ-1шт., монитор-9 шт., IP телефон-1 шт., оплата мед.осмотров) | D95: 1648.8
A96: 3.13. | B96: =SUM(B97:B112) -> 66363.2 | C96: Муниципальная программа "Развитие жилищно-коммунального комплекса и повышение энергетической эффективности в городе Урай" | D96: =SUM(D97:D112) -> 66363.2 | E96: =SUM(E98:E104) -> 0 | F96: =SUM(F98:F104) -> 0
A97: 3.13.1. | B97: =D97+E97+F97 -> 1947.5 | C97: Разработка ПСД с прохождением гос.экспертизы от водоподъема АО "Водоканал" до котельной МУП "УТЭ" | D97: 1947.5
A98: 3.13.2. | B98: =D98+F98 -> 27786.7 | C98: Разработка ПСД на строительство МАК с инженерными сетями в мкр.Шаимский (в целях снижения стоимости коммунальных услуг жителей микрорайона) | D98: 27786.7
A99: 3.13.3. | B99: =D99+F99 -> 1612.6 | C99: Поставка и установка лавочек (лавочки-30 шт., урны- 30 шт) | D99: 1612.6
A100: 3.13.4. | B100: =D100+F100 -> 476.5 | C100: Выполнение работ по формовке и валке деревьев | D100: 476.5
...
